[Event "Blixt-SM 2021"]
[Site "Elite Hotel Marina Plaza, Kungstorget 6, Helsingborg, Sweden"]
[Date "2021.11.14"]
[Round "3.8"]
[White "Kucuksari, Kaan"]
[Black "Terochin, Piotr"]
[Result "1-0"]
[TimeControl "3 minutes + 2 seconds per move."]
[WhiteTitle "FM"]
[WhiteFideId "6380166"]
[BlackFideId "1113682"]
[WhiteElo "2301"]
[BlackElo "1779"]

1. d4 Nf6 2. c4 e6 3. g3 d5 4. Nf3 Be7 5. Bg2 O-O 6.
O-O b6 7. Ne5 Bb7 8. Nc3 Qc8 9.
Bg5 dxc4 10. e4 h6 11. Be3 c5 12. d5 exd5 13. exd5 Qf5 14. Nxc4 Rd8 15. Bf4 Nxd5 16. Nxd5 Bxd5 17.
Ne3 Bxg2 18. Nxf5 Rxd1 19. Rfxd1 Bf3 20. Nxe7+ Kf8 21. Rd8+ Kxe7 22. Rxb8 Rxb8 23. Re1+ Kf6 24. Bxb8 1-0

[Event "Blixt-SM 2021"]
[Site "Elite Hotel Marina Plaza, Kungstorget 6, Helsingborg, Sweden"]
[Date "2021.11.14"]
[Round "5.6"]
[White "Troedsson, Anton"]
[Black "Neretljak, Nedzad"]
[Result "1-0"]
[TimeControl "3 minutes + 2 seconds per move."]
[WhiteFideId "1746006"]
[BlackFideId "1713132"]
[WhiteElo "2104"]
[BlackElo "2148"]

1. Nf3 e6 2. b3 Be7 3. Bb2 Bf6 4. d4 c5 5. c4 Nc6 6.
e3 Nge7 7. Nc3 cxd4 8. exd4 d5 9. cxd5 exd5 10. Be2 O-O 11. O-O Re8 12. Qd2 a6 13. Na4 Ng6 14. Rfe1 Bf5 15. Nc5 b6 16. Nxa6 Qd6 17. b4 Be4 18.
b5 Na5 19. Qb4 Qf4 20. Qd2 Qf5 21. Nc7 Nc4 22. Bxc4 dxc4 23. Nxe8 Rxe8 24. Qe3 Nf4 25. Ne5 Bxg2 26. Qg3 Bd5 27.
f3 h5 28. Rac1 h4 29. Qg4 Nh3+ 30.
Kg2 Qxg4+ 31. Nxg4 Nf4+ 32. Kf1 Rxe1+ 33. Rxe1 Nd3 34.
Nxf6+ gxf6 35. Re2 f5 36. Bc3 f4 37.
Re8+ Kg7 38. Ke2 Kg6 39. a4 Bb7 40. Rb8 Bd5 41. Rxb6+ 1-0

[Event "Blixt-SM 2021"]
[Site "Elite Hotel Marina Plaza, Kungstorget 6, Helsingborg, Sweden"]
[Date "2021.11.14"]
[Round "7.4"]
[White "Frisk, Ellinor"]
[Black "Storme, Isak"]
[Result "0-1"]
[TimeControl "3 minutes + 2 seconds per move."]
[WhiteTitle "WIM"]
[BlackTitle "FM"]
[WhiteFideId "1708481"]
[BlackFideId "1728113"]
[WhiteElo "2142"]
[BlackElo "2037"]

1. Nf3 d5 2. c4 e6 3. g3 Nf6 4.
Bg2 Be7 5. O-O O-O 6. d4 c6 7.
Qc2 b6 8. Rd1 Bb7 9. b3 Nbd7 10. Nc3 Ba6 11. e4 dxc4 12. Ng5 h6 13. e5 hxg5 14. exf6 Bxf6 15. Bxc6 Rc8 16. Bg2 b5 17.
bxc4 b4 18. Ne4 Rxc4 19. Qb3 Rxd4 20. Nxf6+ Qxf6 21. Rxd4 Qxd4 22. Bb2 Qc4 23. Rd1 Qxb3 24. axb3 Nc5 25. Ra1 Rd8 26. Ra5 Rd1+ 0-1

[Event "Blixt-SM 2021"]
[Site "Elite Hotel Marina Plaza, Kungstorget 6, Helsingborg, Sweden"]
[Date "2021.11.14"]
[Round "9.2"]
[White "Nilsson, Patrik"]
[Black "Smith, Axel"]
[Result "0-1"]
[TimeControl "3 minutes + 2 seconds per move."]
[BlackTitle "GM"]
[WhiteFideId "1708171"]
[BlackFideId "1707930"]
[WhiteElo "2143"]
[BlackElo "2473"]

1. d4 Nf6 2. Bf4 c5 3. d5 b5 4. f3 d6 5. e4 a6 6.
a4 b4 7.
a5 e6 8.
dxe6 Bxe6 9. e5 Nd5 10. Bg3 dxe5 11.
Bxe5 Nc6 12. Bg3 Ne3 13. Qe2 Nd4 0-1

[Event "Blixt-SM 2021"]
[Site "Elite Hotel Marina Plaza, Kungstorget 6, Helsingborg, Sweden"]
[Date "2021.11.14"]
[Round "11.1"]
[White "Smith, Axel"]
[Black "Kucuksari, Kaan"]
[Result "1-0"]
[TimeControl "3 minutes + 2 seconds per move."]
[WhiteTitle "GM"]
[BlackTitle "FM"]
[WhiteFideId "1707930"]
[BlackFideId "6380166"]
[WhiteElo "2473"]
[BlackElo "2301"]

1. e4 c5 2. Nc3 Nc6 3. Bb5 Nd4 4. Bc4 e6 5. Nf3 Ne7 6. d3 d5 7. Nxd4 cxd4 8.
Bb5+ Nc6 9. Bxc6+ bxc6 10. Ne2 c5 11. e5 f6 12. f4 fxe5 13. fxe5 Qh4+ 14. Ng3 g6 15. O-O Bg7 16. Qe2 Bd7 17. Bd2 Qe7 18. Qg4 Bxe5 19. Bg5 Qd6 20. Rae1 Bxg3 21. hxg3 e5 22.
Qh4 Be6 23. Bf6 Rf8 24. Qxh7 e4 25.
dxe4 Bf7 26. exd5+ Kd7 27. Re7+ Qxe7 28. Bxe7 Kxe7 29. Qg7 Rac8 30. Qe5+ Kd7 31. Rxf7+ Rxf7 32. Qe6+ Kd8 33. Qxf7 Rc7 34. Qe6 Re7 35. Qd6+ Rd7 36. Qxg6 c4 37. d6 Kc8 38. Qg8+ Kb7 39. Qxc4 Rxd6 40. Qb4+ Kc6 41. Qc4+ Kd7 42. Kf2 Rf6+ 43. Ke2 1-0

[Event "Blixt-SM 2021"]
[Site "Elite Hotel Marina Plaza, Kungstorget 6, Helsingborg, Sweden"]
[Date "2021.11.14"]
[Round "12.8"]
[White "Rasti, Arvin"]
[Black "Agovic, Seifo"]
[Result "1-0"]
[TimeControl "3 minutes + 2 seconds per move."]
[WhiteFideId "1741160"]
[BlackFideId "1702360"]
[WhiteElo "2054"]
[BlackElo "1910"]

1. d4 Nf6 2. c4 c5 3. d5 e6 4. Nc3 exd5 5. cxd5 d6 6. e4 g6 7. f4 Bg7 8. Bb5+ Nfd7 9. a4 O-O 10. Nf3 Na6 11. O-O Nc7 12. Bc4 Nf6 13. h3 Re8 14. Re1 b6 15. e5 Nh5 16. e6 fxe6 17. dxe6 Bxe6 18. Bxe6+ Rxe6 19. Rxe6 Nxe6 20. Qd5 Qe8 21. Ng5 Bd4+ 22. Kh2 Nhg7 23. Bd2 h6 24. Nxe6 Nxe6 25. Re1 Kf7 26. Ne4 Kg7 27. Nxd6 Qd7 28. Qxe6 Qxe6 29. Rxe6 Bxb2 30. f5 gxf5 31.
Nxf5+ Kf7 32. Rxh6 Rd8 33. Bf4 Rd5 34. Nd6+ Kg7 35. Re6 Rd4 36. Be5+ Kf8 37. Re8# 1-0

[Event "Blixt-SM 2021"]
[Site "Elite Hotel Marina Plaza, Kungstorget 6, Helsingborg, Sweden"]
[Date "2021.11.14"]
[Round "2.2"]
[White "Makinen, Janne"]
[Black "Jepson, Christian"]
[Result "0-1"]
[TimeControl "3 minutes + 2 seconds per move."]
[BlackTitle "IM"]
[WhiteFideId "1704036"]
[BlackFideId "1701185"]
[WhiteElo "2004"]
[BlackElo "2412"]

1. d4 Nf6 2. c4 e6 3. Nf3 d5 4. Nc3 Nbd7 5. c5 c6 6. Bf4 b6 7. b4 a5 8. a3 Be7 9. e3 O-O 10. Bd3 Ba6 11. Bxa6 Rxa6 12. O-O Qc8 13. Ne5 Nxe5 14. Bxe5 Nd7 15. Bg3 Qb7 16. Qc2 Rfa8 17.
Rab1 axb4 18. axb4 Qc8 19. h3 Bf6 20. f4 h6 21. Qb2 Ra3 22. Rfc1 g6 23. Bf2 b5 24. g4 Qd8 25. Ra1 Rxa1 26. Rxa1 Kg7 27. Kg2 Qb8 28. Kf3 Ra7 29. Rxa7 Qxa7 30. Qa2 Qxa2 0-1

[Event "Blixt-SM 2021"]
[Site "Elite Hotel Marina Plaza, Kungstorget 6, Helsingborg, Sweden"]
[Date "2021.11.14"]
[Round "3.9"]
[White "Khalat, Havras"]
[Black "Wellevit, Tomas"]
[Result "0-1"]
[TimeControl "3 minutes + 2 seconds per move."]
[WhiteFideId "1725017"]
[BlackFideId "1731963"]
[WhiteElo "1793"]
[BlackElo "2113"]

1. d4 d5 2. c4 e5 3. dxe5 d4 4. e3 Bb4+ 5. Bd2 dxe3 6. Qa4+ Bd7 7. Qxb4 exd2+ 8. Qxd2 Qe7 9. Nf3 Nc6 10. Be2 O-O-O 11. O-O Nh6 12. Nc3 Nxe5 13.
Nxe5 Qxe5 14. Rfe1 Be6 15. Qc2 Qg5 16. Rad1 Nf5 17. Ne4 Qg6 18. Qb3 Nd4 19. Qe3 Nc6 20. Ng3 h5 21. h4 Qf6 22.
Qg5 Qxb2 23. Rb1 Qa3 24. Bf3 Qa4 25. c5 f6 26. Qe3 Rhe8 27. Qc3 Bg4 28. Bxg4+ Qxg4 29. Rxe8 Rxe8 30. Qd3 Qxh4 31. Rd1 Kb8 32. Qd7 Rc8 33. Nf5 Qg4 34. Ne7 Qxd7 35. Rxd7 Nxe7 36. Rxe7 Rg8 37. f4 a6 38. Kf2 g5 39. fxg5 fxg5 40. Re5 Rg6 41. Re8+ Ka7 42. Re7 c6 43. a4 a5 44.
Ke3 Ka6 45. Ke4 b6 46. cxb6 Kxb6 47. Kf5 Rg8 48. Rh7 h4 49. Re7 Kc5 50. Re5+ Kb4 51. Re4+ Ka3 52. Rc4 g4 53. Rxc6 h3 54. gxh3 g3 55. Rc1 g2 56. Rg1 Kxa4 57. h4 Kb3 58. h5 a4 59. h6 a3 60. h7 Rh8 61. Rxg2 Rxh7 62. Rg3+ Ka4 63. Rg4+ Ka5 64. Rg2 Rb7 65. Ke4 Rb2 66. Rg5+ Kb4 67. Rg8 a2 68. Rb8+ Kc3 69. Rc8+ Kd2 70. Rd8+ Ke2 71. Ra8 Kd2 72. Rd8+ Kc1 73. Rc8+ Kb1 74. Kd3 a1=Q 0-1

[Event "Blixt-SM 2021"]
[Site "Elite Hotel Marina Plaza, Kungstorget 6, Helsingborg, Sweden"]
[Date "2021.11.14"]
[Round "5.7"]
[White "Elsner, Yair"]
[Black "Frisk, Ellinor"]
[Result "0-1"]
[TimeControl "3 minutes + 2 seconds per move."]
[BlackTitle "WIM"]
[WhiteFideId "2838230"]
[BlackFideId "1708481"]
[WhiteElo "1629"]
[BlackElo "2142"]

1. e4 c5 2. Nc3 g6 3. d4 cxd4 4.
Qxd4 Nf6 5. Nf3 Nc6 6. Qa4 d6 7. Bf4 Bg7 8. O-O-O Bd7 9.
Qb3 O-O 10. e5 dxe5 11. Nxe5 Nxe5 12. Bxe5 Qc8 13. Bc4 Bc6 14. f3 Qf5 15. Rhe1 Rac8 16. Kb1 e6 17. Bd3 Qh5 18. h3 Nd5 19. Bxg7 Kxg7 20. Nxd5 Bxd5 21. Qa4 a6 22. Qd4+ Kg8 23.
Qg4 Qxg4 24. hxg4 Rc7 25. Rh1 f5 26. g5 0-1

[Event "Blixt-SM 2021"]
[Site "Elite Hotel Marina Plaza, Kungstorget 6, Helsingborg, Sweden"]
[Date "2021.11.14"]
[Round "7.5"]
[White "Tornberg, Carlos"]
[Black "Abedinov, Adnan"]
[Result "0-1"]
[TimeControl "3 minutes + 2 seconds per move."]
[WhiteFideId "1733478"]
[BlackFideId "1703544"]
[WhiteElo "2053"]
[BlackElo "2170"]

1. e4 c5 2. c3 Nf6 3.
e5 Nd5 4. d4 cxd4 5. Nf3 e6 6. cxd4 b6 7. Bc4 Bb7 8. O-O d6 9. Qe2 Nd7 10. Nc3 Nxc3 11. bxc3 Be7 12.
Re1 dxe5 13. Nxe5 Nxe5 14. Qxe5 O-O 15. Qg3 Rc8 16. Bb3 Kh8 17. Bf4 Bf6 18. Rad1 Bd5 19. Bc2 g6 20. a4 Qd7 21.
h4 h5 22. Be5 Bxe5 23. Qxe5+ Kh7 24. Qxh5+ Kg7 25. Qe5+ f6 26. Qg3 Qf7 27. Re3 Rh8 28. Qf4 Qc7 29. Qg4 f5 30. Qg5 Qd8 31. Qg3 Qxh4 32. Qe5+ Kf7 33. Rh3 Qf6 34. Rxh8 Qxe5 35. Rxc8 Qe2 36. Rc7+ Kf6 37. Rc1 Qd2 38. Ra1 Qxc2 39. Rxa7 Qe4 40. f3 Qe3+ 41. Kh2 Qxc3 42. Rb1 Qxd4 43. Ra6 Qf4+ 44. Kh1 Qh4+ 45. Kg1 Qd4+ 46. Kh1 g5 47. Raxb6 g4 48. R6b4 Qf2 49. R4b2 Qh4+ 50. Kg1 g3 51. a5 Bc4 0-1

[Event "Blixt-SM 2021"]
[Site "Elite Hotel Marina Plaza, Kungstorget 6, Helsingborg, Sweden"]
[Date "2021.11.14"]
[Round "9.3"]
[White "Nord, Alexander"]
[Black "Olsson, Linus"]
[Result "0-1"]
[TimeControl "3 minutes + 2 seconds per move."]
[BlackTitle "FM"]
[WhiteFideId "1738135"]
[BlackFideId "1706098"]
[WhiteElo "1909"]
[BlackElo "2204"]

1. d4 Nf6 2. Nf3 e6 3. g3 c5 4. Bg2 cxd4 5. Nxd4 d5 6. O-O e5 7. Nb3 Nc6 8. Bg5 Be6 9. Nc3 d4 10. Ne4 Be7 11. Bxf6 Bxf6 12.
Nbc5 Bc8 13. c3 O-O 14. cxd4 exd4 15. Nxf6+ Qxf6 16. Rc1 Re8 17. Re1 h6 18. a3 a5 19. Qb3 Ra7 20. Qb6 Qd8 21.
Qxd8 Rxd8 22. Red1 Ne5 23. Nd3 Nxd3 24. Rxd3 Bf5 25. Rd2 b6 26. Rc6 Re7 27. h3 Re6 28. Rxe6 Bxe6 29. Kh2 f6 30.
Be4 Kf7 31. Bd3 Rc8 32. Kg2 Bd5+ 33.
f3 Rc1 34. Be4 Bxe4 35. fxe4 Rc4 36. Rd3 Ke6 37. b3 Rc2 38. Kf2 Ke5 39.
b4 a4 40. Ke1 Ra2 41. e3 Kxe4 0-1

[Event "Blixt-SM 2021"]
[Site "Elite Hotel Marina Plaza, Kungstorget 6, Helsingborg, Sweden"]
[Date "2021.11.14"]
[Round "11.2"]
[White "Olsson, Linus"]
[Black "Storme, Isak"]
[Result "1-0"]
[TimeControl "3 minutes + 2 seconds per move."]
[WhiteTitle "FM"]
[BlackTitle "FM"]
[WhiteFideId "1706098"]
[BlackFideId "1728113"]
[WhiteElo "2204"]
[BlackElo "2037"]

1. d4 Nf6 2. c4 e6 3. g3 d5 4. Bg2 Bb4+ 5. Nd2 O-O 6. Qc2 b6 7. Ngf3 Bb7 8. O-O Nbd7 9. b3 c5 10.
a3 Bxd2 11. Bxd2 dxc4 12. Qxc4 Bd5 13. Qc2 cxd4 14. Nxd4 Bxg2 15. Kxg2 Nc5 16. Nf3 Rc8 17. Rac1 Nce4 18. Qxc8 Qxc8 19.
Rxc8 Rxc8 20. Rc1 Rxc1 21. Bxc1 Nd5 22. Nd4 a6 23. f3 Nc5 24. e4 e5 25. exd5 exd4 26. b4 Nb3 27. Bf4 f6 28.
h4 Kf7 29. Kf2 d3 30. Ke3 d2 31. Ke2 Ke7 32. Kd1 Kd7 33. Kc2 Nd4+ 34.
Kxd2 Nxf3+ 35. Ke3 Ne1 36. Ke4 Nc2 37.
Bc1 Ne1 38. g4 Ng2 39. h5 g6 40. Bd2 gxh5 41. gxh5 Nh4 42. Be3 b5 43. Bf4 Ng2 44. Bg3 f5+ 45. Kf3 f4 46. Bxf4 Ne1+ 47. Ke4 Nc2 48. Bc1 Kd6 49. Bf4+ Kd7 50. Kf5 Nxa3 51. Kf6 Nc2 52. Kg7 Nxb4 53. d6 a5 54. Kxh7 a4 55. Kg8 Nd3 56. Be3 a3 57. h6 Ne5 58. Bd4 Ng6 59. Kg7 Nh4 60. h7 Nf5 61. Kg8 Nh6+ 62. Kg7 Nf5 63. Kf6 Nxd4 64. h8=Q a2 65.
Qa8 Kxd6 66. Qxa2 Kc5 67. Qa7+ Kc4 68. Qc7+ Kd5 69. Qd7+ Kc5 70. Qc8+ Kd5 71. Qa8+ Kc5 72. Ke5 Nc6 73. Ke4 b4 74. Kd3 Kb5 75. Qe8 Kc5 76. Qh5+ Kb6 77. Kc4 Kc7 78. Kc5 Kd7 79.
Qf5+ Kc7 80. Qf7+ 1-0

[Event "Blixt-SM 2021"]
[Site "Elite Hotel Marina Plaza, Kungstorget 6, Helsingborg, Sweden"]
[Date "2021.11.14"]
[Round "12.9"]
[White "Terochin, Piotr"]
[Black "Frisk, Ellinor"]
[Result "1-0"]
[TimeControl "3 minutes + 2 seconds per move."]
[BlackTitle "WIM"]
[WhiteFideId "1113682"]
[BlackFideId "1708481"]
[WhiteElo "1779"]
[BlackElo "2142"]

1. e4 c5 2. c3 g6 3. d4 cxd4 4. cxd4 d5 5. exd5 Nf6 6. Nc3 Bg7 7. Bc4 O-O 8. Nf3 Bg4 9. h3 Bf5 10. O-O Nbd7 11.
d6 exd6 12. Bf4 Nb6 13. Bb3 Rc8 14. Nb5 Ne4 15. Rc1 Rxc1 16. Qxc1 a6 17. Nc3 Nxc3 18. bxc3 d5 19. Re1 Re8 20.
Rxe8+ Qxe8 21. Qa3 Bf8 22. Qa5 Qc6 23.
Ne5 Qb5 24. Qxb5 axb5 25. g4 Be6 26.
Nd3 Nc4 27. Nc5 Bc8 28. Nd3 f6 29. Nb4 Be6 30. Kf1 Kf7 31. Ke2 Ke8 32. Nd3 Kd7 33. Bg3 b6 34. Nf4 Bf7 35. Nd3 Bd6 36.
Bh4 Be7 37. f4 Be6 38. Kf3 Nd2+ 39. Ke2 Nb1 40. Be1 Na3 41. Kf3 Nc4 42. Bg3 Bd6 43. Ke2 Be7 44. Kf3 h5 45. gxh5 gxh5 46. h4 Bf5 47. Nb4 Bxb4 48. cxb4 Be4+ 49. Ke2 Ke6 50. a4 bxa4 51. Bxa4 Nd6 1-0

[Event "Blixt-SM 2021"]
[Site "Elite Hotel Marina Plaza, Kungstorget 6, Helsingborg, Sweden"]
[Date "2021.11.14"]
[Round "2.3"]
[White "Olsson, Linus"]
[Black "Rajcevski, Dejan"]
[Result "1-0"]
[TimeControl "3 minutes + 2 seconds per move."]
[WhiteTitle "FM"]
[WhiteFideId "1706098"]
[BlackFideId "1759027"]
[WhiteElo "2204"]
[BlackElo "1977"]

1. d4 Nf6 2. c4 e5 3. dxe5 Ng4 4. Bf4 Bb4+ 5. Nd2 d6 6.
e3 dxe5 7. Bg3 Bxd2+ 8. Qxd2 Qxd2+ 9. Kxd2 Nc6 10. Rd1 Be6 11. Nf3 f6 12. Kc1 O-O 13. Be2 Nh6 14. Nd2 Rfd8 15. Ne4 Rxd1+ 16. Rxd1 Rd8 17. Nc5 Bc8 18. Bf3 Nf5 19. a3 Kf7 20. b4 a6 21. Nxa6 Rxd1+ 22. Kxd1 bxa6 23. Bxc6 Ke6 24. Ke2 Ne7 25. Be4 g6 26. Bc2 f5 27. Bh4 Nc6 28. Ba4 Bd7 29.
Bb3 Kf7 30. c5+ Kg7 31. Bc4 a5 1-0

[Event "Blixt-SM 2021"]
[Site "Elite Hotel Marina Plaza, Kungstorget 6, Helsingborg, Sweden"]
[Date "2021.11.14"]
[Round "4.1"]
[White "Neretljak, Nedzad"]
[Black "Jepson, Christian"]
[Result "0-1"]
[TimeControl "3 minutes + 2 seconds per move."]
[BlackTitle "IM"]
[WhiteFideId "1713132"]
[BlackFideId "1701185"]
[WhiteElo "2148"]
[BlackElo "2412"]

1. e4 e6 2. d4 d5 3. e5 c5 4. c3 Nc6 5. Nf3 Nh6 6. Bd3 f6 7. O-O Nf7 8. Re1 fxe5 9. dxe5 Be7 10. a3 a5 11. Nbd2 Qc7 12. Nf1 Bd7 13. Bf4 g5 14. Bg3 h5 15.
h4 g4 16. N3d2 O-O-O 17. b4 c4 18. Bc2 Ncxe5 19. bxa5 Bd6 20. Rb1 Qxa5 21. Ne3 b5 22. a4 bxa4 23. Ndf1 Kc7 24. Nxd5+ Qxd5 25. Qe2 Nd3 26. Ne3 Qc5 27. Nxc4 Bxg3 28. Bxd3 Bxh4 29. Be4 Rb8 30.
Rbd1 g3 31. Rf1 gxf2+ 32. Kh1 Ng5 33. Rd4 Bg3 34. Ne3 Bb5 35. Qf3 Nxf3 0-1

[Event "Blixt-SM 2021"]
[Site "Elite Hotel Marina Plaza, Kungstorget 6, Helsingborg, Sweden"]
[Date "2021.11.14"]
[Round "5.8"]
[White "Kucuksari, Kaan"]
[Black "Nord, Alexander"]
[Result "1-0"]
[TimeControl "3 minutes + 2 seconds per move."]
[WhiteTitle "FM"]
[WhiteFideId "6380166"]
[BlackFideId "1738135"]
[WhiteElo "2301"]
[BlackElo "1909"]

1. d4 Nf6 2. c4 e6 3. g3 d5 4. Nf3 dxc4 5. Bg2 Bd7 6. Ne5 Bc6 7. Nxc6 Nxc6 8.
e3 Qd7 9. O-O O-O-O 10. Nc3 h5 11.
b3 Bb4 12. Nb5 Kb8 13. bxc4 a6 14. Rb1 axb5 15. cxb5 Ne7 16. Rxb4 Ned5 17. Rb3 h4 18. e4 Nb6 19. Bf4 hxg3 20.
Bxg3 Nh5 21. Rb4 g5 22. a4 Nf4 23. a5 Nc8 24. a6 b6 25. a7+ Nxa7 26. Qa4 Nc8 27. Ra1 c6 28. bxc6 Qe7 29.
Qa8+ Kc7 30. Qb7+ Kd6 31. e5# 1-0

[Event "Blixt-SM 2021"]
[Site "Elite Hotel Marina Plaza, Kungstorget 6, Helsingborg, Sweden"]
[Date "2021.11.14"]
[Round "7.6"]
[White "Wellevit, Tomas"]
[Black "Rajcevski, Dejan"]
[Result "1-0"]
[TimeControl "3 minutes + 2 seconds per move."]
[WhiteFideId "1731963"]
[BlackFideId "1759027"]
[WhiteElo "2113"]
[BlackElo "1977"]

1. e4 e5 2. Nf3 Nf6 3.
d4 Nxe4 4. dxe5 d5 5. Bd3 Nc6 6. O-O Bc5 7.
Nbd2 Bf5 8. Nb3 Bb6 9. a4 a5 10.
c3 O-O 11. Nbd4 Bxd4 12. cxd4 Nb4 13. Bb1 c6 14. Ra3 h6 15.
Nd2 Nxd2 16. Bxd2 Bxb1 17. Qxb1 Qe7 18. Rg3 Kh8 19. Qf5 Qe6 20. Qh5 f5 21.
Rg6 Qf7 22. Bxh6 gxh6 23. Rxh6+ Kg8 24. Rg6+ Qg7 25. Rxg7+ Kxg7 26. Qg5+ Kh7 27. f4 Rg8 28. Qxf5+ Rg6 29. Rf3 Rag8 30. Qf7+ R8g7 31. Rh3+ Rh6 32. Qf5+ Rgg6 33. Rg3 Kg7 34.
Qf6+ Kh7 35. Qf7+ 1-0

[Event "Blixt-SM 2021"]
[Site "Elite Hotel Marina Plaza, Kungstorget 6, Helsingborg, Sweden"]
[Date "2021.11.14"]
[Round "9.4"]
[White "Svensson, Mikael"]
[Black "Kucuksari, Kaan"]
[Result "0-1"]
[TimeControl "3 minutes + 2 seconds per move."]
[BlackTitle "FM"]
[WhiteFideId "1716433"]
[BlackFideId "6380166"]
[WhiteElo "2073"]
[BlackElo "2301"]

1. d4 Nf6 2. Nf3 g6 3. Bg5 Ne4 4. Bh4 d5 5. Nbd2 Bg7 6. e3 c5 7. Nxe4 dxe4 8. Nd2 cxd4 9. Nxe4 Nc6 10. exd4 Nxd4 11. c3 Bf5 12. cxd4 Bxe4 13.
Bb5+ Bc6 14. Bxc6+ bxc6 15. Qf3 Qd5 16. Qxd5 cxd5 17. O-O-O Kd7 18. Bg3 Rhc8+ 19. Kb1 Rc4 20. Be5 f6 21. Bf4 e5 22. Be3 e4 23. Rc1 Rac8 24. b3 R4c6 25. Rxc6 Rxc6 26. Rc1 f5 27. g3 Bf6 28. h4 f4 29. Bxf4 Rxc1+ 30. Kxc1 Bxd4 31. Be3 Bb6 32. Kd2 d4 33. Bf4 Ba5+ 34. Ke2 Ke6 35. Bb8 d3+ 36. Kd1 Bb6 37. Ke1 Kd5 38. Bf4 Kd4 39. Bd2 h5 40. a4 Bc7 41. Be3+ Kc3 42. Bxa7 Kc2 43. Be3 Ba5+ 44. Kf1 d2 45.
Bxd2 Kxd2 0-1

[Event "Blixt-SM 2021"]
[Site "Elite Hotel Marina Plaza, Kungstorget 6, Helsingborg, Sweden"]
[Date "2021.11.14"]
[Round "11.3"]
[White "Jepson, Christian"]
[Black "Wellevit, Tomas"]
[Result "0-1"]
[TimeControl "3 minutes + 2 seconds per move."]
[WhiteTitle "IM"]
[WhiteFideId "1701185"]
[BlackFideId "1731963"]
[WhiteElo "2412"]
[BlackElo "2113"]

1. Nf3 d5 2. c4 d4 3. g3 c5 4. a3 a5 5. e3 Nc6 6.
exd4 cxd4 7. d3 e5 8. Bg2 Bd6 9. O-O Nge7 10. Nbd2 f5 11. Re1 O-O 12. c5 Bc7 13. Nc4 Ng6 14. Rb1 Be6 15.
Qa4 Bd5 16. Qc2 Qe7 17. b4 axb4 18. axb4 e4 19. Bd2 Qf7 20. Ng5 Qf6 21. b5 Nce7 22. Rf1 e3 23. fxe3 Bxg2 24. Kxg2 Qxg5 25. exd4 Qg4 26. Qd1 Qxd4 27.
Be3 Qd5+ 28. Qf3 Qxf3+ 29. Rxf3 Nd5 30. Bd4 f4 31. b6 Bd8 32. Kh1 Bg5 33. Rbf1 fxg3 34. Rxf8+ Rxf8 35. Rxf8+ Nxf8 36. Nd6 gxh2 37. Nxb7 Bf4 38. c6 Ne6 39. Nc5 Nxd4 40.
c7 Nxc7 41. bxc7 Bxc7 42. Ne4 Nf5 0-1

[Event "Blixt-SM 2021"]
[Site "Elite Hotel Marina Plaza, Kungstorget 6, Helsingborg, Sweden"]
[Date "2021.11.14"]
[Round "13.1"]
[White "Rosell, Tomas"]
[Black "Smith, Axel"]
[Result "1/2-1/2"]
[TimeControl "3 minutes + 2 seconds per move."]
[BlackTitle "GM"]
[WhiteFideId "1707132"]
[BlackFideId "1707930"]
[WhiteElo "2070"]
[BlackElo "2473"]

1. e4 c5 2. Nf3 e6 3. Nc3 Nc6 4.
d4 cxd4 5. Nxd4 Nf6 6. Be2 Bb4 7. O-O Bxc3 8. bxc3 Nxe4 9. Bd3 Nf6 10. Ba3 Nxd4 11. cxd4 d6 12. Qf3 O-O 13. Qg3 Re8 14. Bxd6 Bd7 15. Be5 Bc6 16.
Rae1 g6 17. Qg5 Nd7 18. Qh6 Nxe5 19. dxe5 Qe7 20. Re3 Qf8 21. Qh4 Qe7 22. Qh6 Qf8 23.
Qh4 Qe7 24. Qh6 1/2-1/2

[Event "Blixt-SM 2021"]
[Site "Elite Hotel Marina Plaza, Kungstorget 6, Helsingborg, Sweden"]
[Date "2021.11.14"]
[Round "2.4"]
[White "Nord, Alexander"]
[Black "Abedinov, Adnan"]
[Result "0-1"]
[TimeControl "3 minutes + 2 seconds per move."]
[WhiteFideId "1738135"]
[BlackFideId "1703544"]
[WhiteElo "1909"]
[BlackElo "2170"]

1. d4 g6 2. Nf3 Bg7 3. g3 f5 4.
Bg2 Nh6 5. O-O Nf7 6. c4 O-O 7.
Nc3 c6 8. e4 d6 9. Re1 e5 10. b3 Qf6 11. dxe5 dxe5 12. Ba3 Re8 13. Qe2 f4 14. Rad1 Na6 15. Nd2 h5 16.
c5 Ng5 17. f3 Ne6 18. Nc4 Nd4 19. Rxd4 exd4 20. Nd1 d3 21. Qxd3 Qd4+ 22. Qxd4 Bxd4+ 23. Kf1 fxg3 24. hxg3 Bxc5 25. Bxc5 Nxc5 26. Nc3 Be6 27. Nd6 Re7 28. f4 Rd8 29. e5 Bg4 30. Re3 Rxd6 31. b4 Rd3 32. Rxd3 Nxd3 33. Ne4 Nxb4 0-1

[Event "Blixt-SM 2021"]
[Site "Elite Hotel Marina Plaza, Kungstorget 6, Helsingborg, Sweden"]
[Date "2021.11.14"]
[Round "4.2"]
[White "Olsson, Linus"]
[Black "Nilsson, Patrik"]
[Result "0-1"]
[TimeControl "3 minutes + 2 seconds per move."]
[WhiteTitle "FM"]
[WhiteFideId "1706098"]
[BlackFideId "1708171"]
[WhiteElo "2204"]
[BlackElo "2143"]

1. d4 f5 2. g3 Nf6 3. Bg2 g6 4. c3 d5 5. f4 c6 6.
Nf3 Be6 7. O-O Nbd7 8. b3 Ne4 9. a4 a5 10. Ba3 Bg7 11. Ra2 O-O 12. Rc2 b5 13. e3 bxa4 14. bxa4 Nb6 15. Ra2 Nc4 16. Re1 Rb8 17. Bf1 Nxa3 18.
Rxa3 Qd6 19. Rb3 Rxb3 20. Qxb3 Rb8 21. Qc2 c5 22. Bb5 Bd7 23. c4 Bxb5 24. axb5 cxd4 25. exd4 Qb4 26. cxd5 Qxb5 27. Nbd2 Qxd5 28.
Nxe4 fxe4 29. Qxe4 Qxe4 30. Rxe4 Bf6 31. Re2 Rb3 32. Kf2 a4 33. Ne5 a3 34. Nc4 Bxd4+ 35. Ke1 Bc3+ 36. Kd1 Bf6 37. Ne5 Bxe5 38. fxe5 Kf7 39. Kc1 Ke6 40. Re4 Rb2 41. Ra4 Rxh2 42. Rxa3 Kxe5 43. Re3+ Kf6 44. Kd1 e5 45. Ke1 Kf5 46. Kf1 Ra2 47. Rf3+ Kg4 48. Re3 Ra5 49.
Kg2 h5 50. Re4+ Kf5 51. Re3 e4 52. Re2 Ra3 53. Rf2+ Kg5 54.
Rf8 Ra2+ 55. Kh3 e3 56. Re8 e2 57. Re5+ Kf6 58. Re3 g5 59. Re8 Kf5 60. Re7 g4+ 61. Kh4 e1=Q 62. Rf7+ Kg6 63. Rf2 Qe7+ 64. Rf6+ Qxf6# 0-1

[Event "Blixt-SM 2021"]
[Site "Elite Hotel Marina Plaza, Kungstorget 6, Helsingborg, Sweden"]
[Date "2021.11.14"]
[Round "5.9"]
[White "Muhamed, Hoger"]
[Black "Terochin, Piotr"]
[Result "0-1"]
[TimeControl "3 minutes + 2 seconds per move."]
[WhiteFideId "1742841"]
[BlackFideId "1113682"]
[WhiteElo "1838"]
[BlackElo "1779"]

1. e4 c5 2. Nf3 d6 3. d4 cxd4 4. Nxd4 Nf6 5. Nc3 a6 6. Be3 e5 7. Nb3 Be6 8. f3 d5 9. exd5 Nxd5 10. Nxd5 Qxd5 11. Qxd5 Bxd5 12. Bd3 Bb4+ 13. c3 Be7 14.
O-O-O Bc6 15. Rhe1 O-O 16. Nc5 g6 17. Bh6 Rd8 18. Rxe5 Bf8 19. Bxf8 Kxf8 20. Be4 Rxd1+ 21. Kxd1 Bxe4 22. Rxe4 Nc6 23. Kc2 b6 24.
Nd7+ Kg7 25. Nxb6 Rb8 26. Nc4 Rd8 27. Ne5 Ne7 28. Ra4 Rd6 29. Nd3 Nf5 30. Nc5 Ne3+ 31. Kb3 Rb6+ 32. Rb4 Rc6 33. Nd7 a5 34. Rb7 Ra6 35.
a4 Nxg2 36. Ne5 Kf6 37. Nxf7 Nh4 38.
Nh6 Nxf3 39. Rxh7 Rb6+ 40. Ka3 Ng5 41. Ra7 Nf3 42. Rxa5 Nxh2 43. Rb5 Ra6 44. Ng8+ Kg7 45. Ne7 Nf3 46. Nd5 g5 47. Rb7+ Kf8 48. Nc7 Rg6 49. a5 Ne5 50. a6 Nc4+ 51. Kb3 Nb6 52. a7 g4 53. Nd5 g3 54. Nxb6 Rxb6+ 55. Rxb6 g2 56. Rb7 0-1